 Dungeon Crawl Stone Soup version 0.24-a0-584-g9d6b971ae4 (webtiles) character file.

Game seed: 8486871970131321278, levelgen mode: deterministic

97 Gynju the Grave Robber (level 4, -1/30 HPs)
             Began as a Demonspawn Necromancer on Sept 6, 2019.
             Slain by an orc wizard
             ... wielding a +0 dagger
              (2 damage)
             ... on level 3 of the Dungeon.
             The game lasted 00:03:39 (2227 turns).

Gynju the Grave Robber (Demonspawn Necromancer)     Turns: 2227, Time: 00:03:40

Health: -1/30      AC:  2    Str:  9    XL:     4   Next: 42%
Magic:  1/9        EV: 14    Int: 17    God:
Gold:   121        SH:  0    Dex: 13    Spells: 7/9 levels left

rFire    . . .     SeeInvis .   e - +0 mace
rCold    . . .     Gourm    .   (no shield)
rNeg     . . .     Faith    .   a - +0 robe
rPois    .         Spirit   .   (no helmet)
rElec    .         Reflect  .   (no cloak)
rCorr    .         Harm     .   (no gloves)
MR       .....                  (no boots)
Stlth    ++........             (no amulet)
HPRegen  0.10/turn              (no ring)
MPRegen  0.11/turn              (no ring)

@: no status effects
A: claws 2, repulsion field 1
a: no special abilities


You were on level 3 of the Dungeon.
You were not hungry.

You visited 1 branch of the dungeon, and saw 3 of its levels.

You collected 121 gold pieces.

Inventory:

Hand Weapons
 e - a +0 mace (weapon)
Missiles
 g - 5 javelins (quivered)
Armour
 a - a +0 robe (worn)
 b - a +0 hat
Jewellery
 v - an uncursed amulet of faith {unknown}
Wands
 w - a wand of flame (9)
Scrolls
 d - 5 scrolls of teleportation {unknown}
 f - 2 scrolls of blinking {unknown}
 l - 2 scrolls of identify {unknown}
 n - 2 scrolls of magic mapping {unknown}
 p - a scroll of enchant armour {unknown}
 q - a scroll of fear {unknown}
 r - a scroll of remove curse {unknown}
 s - a scroll of amnesia {unknown}
 u - a scroll of immolation {unknown}
Potions
 h - 2 potions of agility {unknown}
 i - a potion of degeneration {unknown}
 j - a potion of cancellation {unknown}
 k - 2 potions of brilliance {unknown}
 m - a potion of curing {unknown}
 o - a potion of flight {unknown}
Comestibles
 c - 6 rations
 t - 3 chunks of flesh


   Skills:
 - Level 1.7 Dodging
 - Level 1.7 Stealth
 + Level 3.3 Spellcasting
 + Level 5.5 Necromancy


You had 7 spell levels left.
You knew the following spells:

 Your Spells              Type           Power        Failure   Level  Hunger
a - Pain                  Necr           ###.         1%          1    None
b - Animate Skeleton      Necr           N/A          1%          1    None

Your spell library contained the following spells:

 Spells                   Type           Power        Failure   Level  Hunger
 Vampiric Draining        Necr           ###.......   4%          3    ###....
 Regeneration             Chrm/Necr      ##........   16%         3    ###....
 Animate Dead             Necr           N/A          17%         4    ####...


Dungeon Overview and Level Annotations

Branches:
Dungeon (3/15)

Altars:
Gozag


Innate Abilities, Weirdness & Mutations

You have very sharp fingernails.
You are surrounded by a mild repulsion field. (EV +2)


Message History

Confirm with . or Enter, or press ? or * to list all spells.
Aiming: Pain (safe; 1% risk of failure)
Press: ? - help, Shift-Dir - straight line, f/p - orc wizard
Aim: an orc wizard, wielding a +0 dagger and wearing a +0 robe (heavily wounded, fast, chance to defeat MR: 80%)
The orc wizard barely resists.
The orc wizard closely misses you.
Your orc skeleton closely misses the giant cockroach.
The giant cockroach closely misses you.
Casting: Pain (safe; 1% risk of failure)
Confirm with . or Enter, or press ? or * to list all spells.
Aiming: Pain (safe; 1% risk of failure)
Press: ? - help, Shift-Dir - straight line, f/p - orc wizard
Aim: an orc wizard, wielding a +0 dagger and wearing a +0 robe (heavily wounded, fast, chance to defeat MR: 80%)
The orc wizard writhes in agony.
The orc wizard hits you with a +0 dagger.
* * * LOW HITPOINT WARNING * * *
The orc misses you. The giant cockroach barely misses you.
Your orc skeleton hits the giant cockroach with a +0 short sword.
The giant cockroach dies!
The orc wizard hits you with a +0 dagger.
You die...

...... ..... #. ### ....#
#. ..# . #... #.##.# ..
.). ##..#.# ... #)#
...... .. #.# #oo.##.#+#
#.# .# #.o.....# #.##.#
#Z@# ...#.# ##.# #####
.#.#.# #.## ##...# ...#.#
#..#.##...# ...#.#
##.#.##...# #..#.#
##...##...# #....#
#.....#...######## ...###
########Z#.>.#......Z....
#..#
#.....Z......#....#######


You could see an orc wizard, 2 orcs and a friendly orc skeleton.

Vanquished Creatures
  An orc priest (D:3)
  Ijyb (D:3)
  3 dart slugs
  A leopard gecko (D:1)
  4 orcs (D:3)
  A ball python (D:1)
  4 giant cockroaches
  A goblin (D:2)
  2 hobgoblins
  A quokka (D:2)
  6 bats
  2 frilled lizards (D:2)
  A jackal zombie (D:2)
  4 kobolds
  A rat (D:1)
33 creatures vanquished.

Vanquished Creatures (collateral kills)
  A giant cockroach (D:3)
1 creature vanquished.

Grand Total: 34 creatures vanquished

Notes
Turn   | Place    | Note
-------+----------+-------------------------------------------
     0 | D:1      | Gynju the Demonspawn Necromancer began the quest for the
                  | Orb.
     0 | D:1      | Reached XP level 1. HP: 13/13 MP: 3/3
   290 | D:1      | Learned a level 1 spell: Animate Skeleton
   544 | D:1      | Gained mutation: You have sharp fingernails. [demonic
                  | ancestry]
   544 | D:1      | Reached XP level 2. HP: 19/19 MP: 3/5
  1388 | D:2      | Reached skill level 5 in Necromancy
  1388 | D:2      | Gained mutation: You are surrounded by a mild repulsion
                  | field. (EV +2) [demonic ancestry]
  1388 | D:2      | Reached XP level 3. HP: 24/24 MP: 5/7
  1412 | D:2      | Found an opulent altar of Gozag.
  1862 | D:3      | Noticed Ijyb
  1875 | D:3      | Killed Ijyb
  2089 | D:3      | Gained mutation: You have very sharp fingernails. [demonic
                  | ancestry]
  2089 | D:3      | Reached XP level 4. HP: 22/30 MP: 0/9
  2227 | D:3      | HP: 1/30 [orc wizard/+0 dagger (3)]
  2227 | D:3      | Slain by an orc wizard

Levels and vault maps discovered:
D:1:      saegor_arrival_simple_e, layout_rooms
D:2:      layout_loops_cross, lemuel_doored_altar, minmay_heptomino_l4
D:3:      layout_basic, uniq_ijyb, uniq_robin

Skill      XL: |  1  2  3 |
---------------+----------+-----
Necromancy     | 5 |  5.5
Spellcasting   | 3 |  3.3
Dodging        | |  1.7
Stealth        | |  1.7

Action                   |  1- 3 |  4- 6 || total
-------------------------+-------+-------++-------
Melee: Unarmed           |     9 |       ||     9
       Mace              |     6 |       ||     6
 Cast: Pain              |    54 |    12 ||    66
       Animate Skeleton  |     4 |     1 ||     5
  Eat: Chunk             |     4 |       ||     4
Armor: Robe              |    15 |     1 ||    16
Dodge: Dodged            |    34 |    14 ||    48

Table legend:
 A = Non-vault XP
 B = Vault XP
 C = Vault XP percentage of total XP
 D = Non-vault monster count
 E = Vault monster count
 F = Vault count percentage of total count
                 A         B        C        D         E       F
            +---------+---------+-------+---------+---------+-------
      Total |     100 |      39 |  28.1 |      31 |       3 |   8.8
            +---------+---------+-------+---------+---------+-------
        D:1 |      16 |       0 |   0.0 |       9 |       0 |   0.0
        D:2 |      28 |       4 |  12.5 |      15 |       2 |  11.8
        D:3 |      56 |      35 |  38.5 |       7 |       1 |  12.5
            +---------+---------+-------+---------+---------+-------
